AoeStats
← Inzeeen

Arabia

505313518Analyzed
1v1 RM · 22d ago on Sep 8, 2026· 30m 15s· 2 players
Game mode
Random Map
Map size
Tiny (2 player)
Population
200
Speed
Normal
Resources
Standard
Victory
Conquest
Starting age
Dark Age
Ending age
Imperial Age
RankedLock teamsTeams togetherTeam positionsShared explorationLock speedFull tech treeHidden civsTurbo modeCheats
Victory
Defeat
733
+15
🇳🇱 Cumans · Netherlands
709
-35
Inzeeen
13:42 Feudal Age
14:51 Loom
15:22 Double-Bit Axe
19:56 Horse Collar
24:43 Man-at-Arms
juarez.ruiz.jesus.angell
11:44 Feudal Age
14:13 Double-Bit Axe
23:05 Castle Age
29:53 Stone Mining
Connection lost

Rejoining the realm…

Still unreachable

The connection could not be restored.

Session expired

The server has moved on; the page needs a fresh start.